 Dungeon Crawl Stone Soup version 0.31.0-4-g52a2dc7128 (webtiles) character file.

Game seed: 18376386682587403706

670 mykhailok the Ruffian (level 7, -2/62 HPs)
             Began as a Troll Shapeshifter on Jan 21, 2024.
             Killed from afar by Dowan (13 damage)
             ... with a shard of ice
             ... on level 4 of the Dungeon.
             The game lasted 00:11:40 (3527 turns).

mykhailok the Ruffian (Troll Shapeshifter)          Turns: 3527, Time: 00:11:42

Health: -2/62      AC:  4    Str: 23    XL:     7   Next: 32%
Magic:  6/6        EV: 10    Int:  6    God:
Gold:   137        SH:  0    Dex: 11    Spells: 6/6 levels left

rFire   . .          .
                       - Unarmed
rCold   . . .        (no shield)
rNeg    . . .        a - +0 animal skin
rPois   .            (helmet currently unavailable)
rElec   .            (cloak currently unavailable)
rCorr   .            (gloves unavailable)
SInv    .            (boots unavailable)
Will    .....        (no amulet)
Stlth   +            (no ring)
HPRegen 1.10/turn    (no ring)
MPRegen 0.10/turn

%: no passive effects
@: lethally poisoned (-2 -> -2), beast-form
A: beast (slay +2), large, unfitting armour, claws 3, regeneration 1, shaggy fur
1, tough skin 1
a: Begin Untransformation


You were on level 4 of the Dungeon.
You were a hulking beast.
You visited 1 branch of the dungeon, and saw 4 of its levels.
You also visited: Sewer.

You collected 137 gold pieces.

Inventory:

Armour
 a - a +0 animal skin (worn)
Jewellery
 u - a ring of positive energy
Talismans
 c - a beast talisman
 d - a flux talisman
Scrolls
 e - a scroll of noise {unknown}
 f - a scroll of fog {unknown}
 h - a scroll of poison {unknown}
 i - a scroll of enchant weapon {unknown}
 l - a scroll of vulnerability {unknown}
 q - 2 scrolls of revelation {unknown}
 r - a scroll of immolation {unknown}
 s - a scroll of fear {unknown}
 t - a scroll of teleportation {unknown}
Potions
 b - a potion of lignification
 g - a potion of invisibility {unknown}
 j - a potion of curing {unknown}
 k - 2 potions of heal wounds {unknown}
 m - 2 potions of attraction {unknown}
 n - 2 potions of haste {unknown}
 o - 2 potions of might {unknown}
 p - a potion of enlightenment {unknown}


   Skills:
 - Level 1.0 Fighting
 - Level 3.0 Dodging
 - Level 0.7 Stealth
 + Level 6.8 Unarmed Combat
 + Level 4.4 Shapeshifting


You had 6 spell levels left.
You didn't know any spells.
Your spell library contained the following spells:

 Spells                   Type           Power      Damage    Failure   Level
 Animate Dead             Necr           0%         N/A       99%         4
 Olgreb's Toxic Radiance  Alch           0%         N/A       99%         4
 Eringya's Noxious Bog    Alch           0%         4d6       100%        6
 Sculpt Simulacrum        Ice/Alch       0%         N/A       100%        6


Dungeon Overview and Level Annotations

Branches:
Dungeon (4/15)              Sewer (visited)
 Temple: D:4-7

Altars:
Kikubaaqudgha

Annotations:
D:4 Dowan


Innate Abilities, Weirdness & Mutations

You are a hulking beast.
Your limbs bulge with bestial killing power. (Slay +2)
You are too large for most types of armour.
You have claws for hands.
Your natural rate of healing is unusually fast.
You are covered in fur. (AC +1)
You have tough skin. (AC +1)


Message History

You claw Duvessa! You claw Duvessa, but do no damage.
Duvessa is heavily wounded.
Dowan hits you with a +3 dagger of venom.
You are poisoned.
Duvessa hits you with a +0 rapier.
You take 7 damage, and have 35/62 hp.
You claw Duvessa!
Duvessa is severely wounded.
You feel very sick. Duvessa closely misses you. Dowan barely misses you.
You take 2 damage, and have 33/62 hp.
You barely miss Duvessa.
Duvessa is severely wounded.
You feel sick.
You scratch Duvessa.
Duvessa is severely wounded.
You feel sick. Dowan completely misses you. Duvessa hits you with a +0 rapier!
You take 8 damage, and have 25/62 hp.
You barely miss Duvessa. You claw Duvessa.
Duvessa is almost dead.
You feel sick. Dowan barely misses you. Duvessa hits you with a +0 rapier.
You take 4 damage, and have 21/62 hp.
You scratch Duvessa.
Duvessa is almost dead.
You feel sick.
Dowan points at you and mumbles some strange words.
The puff of flame misses you. Duvessa hits you with a +0 rapier!
* * * LOW HITPOINT WARNING * * *
You take 10 damage, and have 11/62 hp.
You scratch Duvessa.
Duvessa is almost dead.
You feel sick. Dowan closely misses you. Duvessa closely misses you.
You scratch Duvessa.
You kill Duvessa!
Dowan screams, "No!
Oh no!"
Dowan seems to find hidden reserves of power!
You feel sick. Dowan gestures at you while chanting. The shard of ice hits you!
You die...

..###...##..........#.#.##..#....
............####)####.#.##.......
..###...##.## #.####.#.##.##....
### ##.###.# #.. )..... ##... #.#
#.# #..# ##.# ####.#.# #.#
#######..########># ....#... ..#
#.................. ####.### ###
##$>####..########## ## #.)h#
##.# .# #..e# #.# .# #...# #.# .#
#...# #.# ####### ## #...# #.#
#...... ####.# #...# #.# #.#####
.....# #...# #.# #.# ###### #...#
#.####.# ..# #....<.#


You could see Dowan (fast).

Vanquished Creatures
  Duvessa (D:4)
  Pargi (Sewer)
  A brain worm (Sewer)
  2 vampire bats (D:3)
  A jelly (Sewer)
  An orc priest (D:3)
  6 hounds
  An iguana (D:4)
  An orc wizard (D:3)
  4 adders
  A river rat (D:3)
  4 dart slugs
  A ribbon worm (D:4)
  9 orcs
  3 bat skeletons (D:3)
  3 bat zombies (D:3)
  5 endoplasms
  4 giant cockroaches
  7 goblins
  10 hobgoblins
  4 kobolds
  3 quokkas
  5 ball pythons
  9 bats
  2 frilled lizards
  5 rats
94 creatures vanquished.

Notes
Turn   | Place    | Note
-------+----------+-------------------------------------------
     0 | D:1      | mykhailok the Troll Shapeshifter began the quest for the
                  | Orb.
     0 | D:1      | Reached XP level 1. HP: 18/18 MP: 0/0
    58 | D:1      | You fall into a shaft and drop 1 floor!
   154 | D:2      | Reached XP level 2. HP: 23/26 MP: 1/1
   489 | D:2      | Reached XP level 3. HP: 26/32 MP: 2/2
   601 | D:2      | Found a faded altar of an unknown god.
  1831 | D:3      | Found an ancient bone altar of Kikubaaqudgha.
  1836 | D:3      | Reached skill level 4 in Unarmed Combat
  1836 | D:3      | Reached XP level 4. HP: 37/40 MP: 3/3
  1849 | D:3      | Reached XP level 5. HP: 44/46 MP: 4/4
  1952 | D:3      | Found a glowing drain.
  1956 | Sewer    | Entered a sewer
  1999 | Sewer    | Noticed Pargi
  2078 | Sewer    | Killed Pargi
  2079 | Sewer    | Reached skill level 1 in Fighting
  2079 | Sewer    | Reached skill level 5 in Unarmed Combat
  2079 | Sewer    | Reached XP level 6. HP: 52/55 MP: 5/5
  2201 | D:3      | Got the Tome of the Cucurbite and the Morgue
  3110 | D:4      | Reached skill level 6 in Unarmed Combat
  3150 | D:4      | Reached XP level 7. HP: 60/61 MP: 6/6
  3437 | D:4      | Identified the +4 sling of Amorality {antimagic, Str+2}
  3512 | D:4      | Noticed Duvessa
  3514 | D:4      | Noticed Dowan
  3527 | D:4      | Killed Duvessa
  3527 | D:4      | Killed from afar by Dowan

Illustrated notes

Levels and vault maps discovered:
D:1:      minmay_arrival_nine_rooms, layout_loops_ring, minivault_27
D:2:      minmay_skewed_foursquare, layout_basic,
          shapermc_ecumenical_altar_petra, hex_tiny
D:3:      layout_basic, kennysheep_vampire_church, gup_sewer_entry_bowl
D:4:      layout_loops_ring, grunt_ashenzari_visionary
          [grunt_ashenzari_visionary_shoals, grunt_ashenzari_visionary_snake],
          uniq_duvessa

Skill      XL: |  1  2  3  4  5  6 |
---------------+-------------------+-----
Dodging        | 2 3 |  3.0
Unarmed Combat | 4 5 6 |  6.8
Shapeshifting  | 4 |  4.4
Fighting       | 1 |  1.0
Stealth        | |  0.7

Action                     |  1- 3 |  4- 6 |  7- 9 || total
---------------------------+-------+-------+-------++-------
  Melee: Unarmed           |    93 |    74 |    48 ||   215
         Punch             |     1 |     1 |     3 ||     5
   Stab: Sleeping          |       |     3 |     2 ||     5
 Armour: Animal skin       |    83 |    45 |    26 ||   154
  Dodge: Dodged            |    82 |    37 |    24 ||   143
